 Dungeon Crawl Stone Soup version 0.23-a0-241-g3b46b07 (webtiles) character file.

179 galech the Skirmisher (level 5, -2/41 HPs)
             Began as a Demonspawn Fighter on Sept 26, 2018.
             Slain by a bullfrog (7 damage)
             ... on level 4 of the Dungeon.
             The game lasted 00:03:01 (2516 turns).

galech the Skirmisher (Demonspawn Fighter)          Turns: 2516, Time: 00:03:02

Health: -2/41      AC:  6    Str: 16    XL:     5   Next: 33%
Magic:  5/5        EV:  7    Int:  9    God:
Gold:   182        SH:  9    Dex: 14    Spells: 4/4 levels left

rFire    + . .     SeeInvis .   a - +0 war axe
rCold    . . .     Gourm    .   c - +0 shield
rNeg     . . .     Faith    .   b - +0 scale mail
rPois    .         Spirit   .   (no helmet)
rElec    .         Reflect  .   (no cloak)
rCorr    .         Harm     .   (no gloves)
MR       .....                  (no boots)
Stlth    +.........             (no amulet)
HPRegen  0.13/turn              j - ring of stealth
MPRegen  0.09/turn              (no ring)

@: no status effects
A: fire resistance 1, powered by pain 1
a: no special abilities


You were on level 4 of the Dungeon.
You were hungry.

You visited 1 branch of the dungeon, and saw 4 of its levels.

You collected 182 gold pieces.

Inventory:

Hand Weapons
 a - a +0 war axe (weapon)
 n - a +1 whip of flaming
Armour
 b - a +0 scale mail (worn)
 c - a +0 shield (worn)
Jewellery
 j - a ring of stealth (left hand)
Scrolls
 e - 2 scrolls of enchant armour {unknown}
 k - 2 scrolls of teleportation {unknown}
 l - a scroll of amnesia {unknown}
 m - 2 scrolls of blinking {unknown}
Potions
 d - a potion of might
 i - a potion of heal wounds {unknown}
Comestibles
 f - 4 rations
 g - 2 chunks of flesh


   Skills:
 + Level 3.6 Fighting
 + Level 3.4 Axes
 + Level 3.5 Armour
 + Level 0.9 Dodging
 + Level 0.2 Stealth
 + Level 3.2 Shields


You had 4 spell levels left.
You didn't know any spells.
Your spell library contained the following spells:

 Spells                   Type           Power        Failure   Level  Hunger
 Confusing Touch          Hex            #.....       100%        1    ##.....
 Confuse                  Hex            #.......     100%        3    ####...
 Gell's Gravitas          Tloc           #.........   100%        3    ####...
 Petrify                  Tmut/Erth      #.......     100%        4    #####..
 Metabolic Englaciation   Hex/Ice        #.........   100%        5    ######.
 Yara's Violent Unravell  Hex/Tmut       #.........   100%        5    ######.


Dungeon Overview and Level Annotations

Branches:
Dungeon (4/15)
 Temple: D:4-7

Altars:
Sif Muna

Annotations:
D:3 Terence


Innate Abilities, Weirdness & Mutations

Your flesh is heat resistant. (rF+)
You sometimes gain a little power by taking damage.


Message History

You block the adder's attack. The goblin hits you with a club.
* * * LOW HITPOINT WARNING * * *
The hobgoblin hits you.
* * * LOW HITPOINT WARNING * * *
The bullfrog hits you.
* * * LOW HITPOINT WARNING * * *
You climb downwards.
You hear the hiss of flowing sand.
There is an entrance to an ossuary on this level.
Hurry and find it before the
Found a great mace.
Found an escape hatch in the floor.
There is a stone staircase leading up here.
The adder bites you but does no damage.
The hobgoblin hits you but does no damage.
You block the adder's attack.
The bullfrog hits you but does no damage.
You barely miss the bullfrog.
The bullfrog is moderately wounded.
The bullfrog hits you but does no damage.
The bullfrog hits you!
You die...

.......
......#
.....#
....##
.....
##... #.)#
#@#
##F##.#
#ggS..#
#....>...#
#.....##..
#####.#
..# .# .#


You could see a bullfrog, an adder, a hobgoblin and a goblin.

Vanquished Creatures
  2 orc priests
  An orc wizard (D:2)
  3 adders
  2 worms (D:2)
  A dart slug (D:3)
  A leopard gecko (D:2)
  9 orcs
  A ball python (D:2)
  2 giant cockroaches
  3 goblins
  6 hobgoblins
  2 jackals (D:2)
  4 kobolds
  A quokka (D:2)
  3 bats
  5 frilled lizards (D:2)
  5 rats
51 creatures vanquished.

Notes
Turn   | Place    | Note
-------+----------+-------------------------------------------
     0 | D:1      | galech the Demonspawn Fighter began the quest for the Orb.
     0 | D:1      | Reached XP level 1. HP: 18/18 MP: 1/1
   244 | D:1      | Gained mutation: You sometimes gain a little power by
                  | taking damage. [demonic ancestry]
   244 | D:1      | Reached XP level 2. HP: 19/24 MP: 2/2
   941 | D:2      | Reached XP level 3. HP: 24/29 MP: 3/3
  1324 | D:2      | HP: 1/29 [orc priest/divine providence (15)]
  1326 | D:2      | Gained mutation: Your flesh is heat resistant. (rF+)
                  | [demonic ancestry]
  1326 | D:2      | Reached XP level 4. HP: 1/35 MP: 4/4
  2026 | D:3      | Found a deep blue altar of Sif Muna.
  2136 | D:3      | Reached XP level 5. HP: 27/41 MP: 5/5
  2499 | D:3      | Noticed Terence
  2516 | D:4      | Slain by a bullfrog

Vault maps used:
D:1:      ebering_hopf_link, serial_forest, infiniplex_forest_lined_room_3,
          infiniplex_forest_lined_2, infiniplex_forest_clump_double,
          infiniplex_forest_clump_diagonal, infiniplex_forest_straight_4,
          infiniplex_forest_zigzag_2, hangedman_decor_growths
D:2:      cheibrodos_pilgrimage, first_ration, minmay_lizard_pond
D:3:      lemuel_crystal_altar, uniq_terence
D:4:      enter_ossuary_5

Skill      XL: |  1  2  3  4 |
---------------+-------------+-----
Armour         | 3 |  3.5
Axes           | 2 3 |  3.4
Shields        | 3 |  3.2
Fighting       | |  3.6
Dodging        | |  0.9
Stealth        | |  0.2

Action                   |  1- 3 |  4- 6 || total
-------------------------+-------+-------++-------
Melee: War axe           |   138 |    58 ||   196
       Whip              |       |     7 ||     7
  Use: Potion            |       |     1 ||     1
 Stab: Sleeping          |       |     1 ||     1
  Eat: Chunk             |     2 |     3 ||     5
Armor: Scale mail        |    69 |    32 ||   101
Dodge: Dodged            |    46 |    10 ||    56
Block: Shield            |    67 |    25 ||    92

Table legend:
 A = Non-vault XP
 B = Vault XP
 C = Vault XP percentage of total XP
 D = Non-vault monster count
 E = Vault monster count
 F = Vault count percentage of total count
                 A         B        C        D         E       F
            +---------+---------+-------+---------+---------+-------
      Total |     153 |     104 |  40.5 |      40 |      11 |  21.6
            +---------+---------+-------+---------+---------+-------
        D:1 |      23 |       6 |  20.7 |      15 |       2 |  11.8
        D:2 |      47 |      98 |  67.6 |      17 |       9 |  34.6
        D:3 |      83 |       0 |   0.0 |       8 |       0 |   0.0
            +---------+---------+-------+---------+---------+-------
